 Dungeon Crawl Stone Soup version 0.27-a0-1048-g7ee7857c10 (webtiles) character file.

Game seed: 4171707047380703702

203 Lemonice the Skirmisher (level 5, -4/44 HPs)
             Began as a Palentonga Fighter on Apr 20, 2021.
             Killed by nerve-wracking pain
             ... invoked by Grinder
              (13 damage)
             ... while paralysed by Grinder
             ... on level 3 of the Dungeon.
             The game lasted 00:05:17 (2193 turns).

Lemonice the Skirmisher (Palentonga Fighter)        Turns: 2193, Time: 00:05:17

Health: -4/44      AC:  6    Str: 19    XL:     5   Next: 51%
Magic:  5/5        EV:  1    Int:  9    God:
Gold:   109        SH:  0    Dex: 10    Spells: 4/4 levels left

rFire    . . .     SeeInvis +   a - +0 long sword
rCold    . . .     Faith    .   c - +0 kite shield
rNeg     . . .     Spirit   .   b - +0 scale mail
rPois    .         Reflect  .   (no helmet)
rElec    .         Harm     .   (no cloak)
rCorr    .         Rampage  .   (no gloves)
Will     .....                  (no barding)
Stlth    ..........             (no amulet)
HPRegen  0.14/turn              (no ring)
MPRegen  0.09/turn              (no ring)

@: paralysed, mighty
A: large, rugged brown scales 3, see invisible, deformed body, roll 1, armoured
tail
a: Rolling Charge


You were on level 3 of the Dungeon.
You visited 1 branch of the dungeon, and saw 3 of its levels.

You collected 109 gold pieces.

Inventory:

Hand Weapons
 a - a +0 long sword (weapon)
Armour
 b - a +0 scale mail (worn)
 c - a +0 kite shield (worn)
Scrolls
 e - 4 scrolls of identify {unknown}
 f - a scroll of summoning {unknown}
 g - a scroll of noise {unknown}
 h - a scroll of immolation
 i - 3 scrolls of teleportation {unknown}
 k - 2 scrolls of enchant armour {unknown}
Potions
 j - a potion of cancellation {unknown}
 l - a potion of flight {unknown}
 m - a potion of curing {unknown}


   Skills:
 + Level 3.8 Fighting
 + Level 3.4 Long Blades
 + Level 3.4 Armour
 - Level 0.3 Dodging
 + Level 3.2 Shields


You had 4 spell levels left.
You didn't know any spells.
Your spell library was empty.

Dungeon Overview and Level Annotations

Branches:
Dungeon (3/15)

Altars:

Annotations:
D:3 Grinder


Innate Abilities, Weirdness & Mutations

You are completely covered in rugged brown scales. (AC +3, +7% HP)
You have supernaturally acute eyesight. (SInv)
Armour fits poorly on your strangely shaped body.
You can roll at nearby foes to attack.
You have a long armoured tail.


Message History

The adder is severely wounded.
You block the adder's attack. Grinder hits you.
The adder completely misses you.
You miss the adder.
The adder is severely wounded.
The adder bites you. You block Grinder's attack.
The adder bites you but does no damage. Grinder hits you.
You writhe in agony.
You miss the adder. You tail-slap the adder.
You kill the adder!
Grinder barely misses you.
You barely miss Grinder. Grinder hits you but does no damage.
Your shield and scale mail prevent you from hitting Grinder.
Grinder hits you!
You writhe in agony.
You block Grinder's attack.
You feel very mighty all of a sudden.
Grinder blinks!
Roll where?
Press: ? - help, Dir - move target, f - Grinder
Aim: Grinder You roll forward with a clatter of scales!
You barely miss Grinder. Grinder hits you!
* * * LOW HITPOINT WARNING * * *
You writhe in agony.
* * * LOW HITPOINT WARNING * * *
You slash Grinder!
Your tail-slap misses Grinder.
Grinder is moderately wounded.
Grinder blinks! x2
You see here a +0 pair of gloves.
Grinder gestures at you.
You suddenly lose the ability to move!
Grinder gestures at you.
You shrug off the repeated paralysis!
You can move again.
Grinder blinks!
Grinder gestures at you.
You suddenly lose the ability to move!
Grinder gestures at you.
You shrug off the repeated paralysis!
Grinder gestures at you. Pain shoots through your body!
You die...

#...#.##.# #...# ...
##....<..# #...# ...
##......# #...# ...
#.#.##.####)..########.#
.....#...............##.#
##.............[.......5.#
#...#................##†#
...( ...##.#....#######.#
##.#. ## #@#....# #.#
#.#.>..# #.# #5#....# #.#
#.#....# #.### #......#
#...# ####5#### ######.#
#....# #....[..
#.#####.###.####..
....[.....#.#####.


You could see Grinder.

Vanquished Creatures
  A sky beast (D:3)
  2 gnolls
  3 adders
  A dart slug (D:1)
  4 orcs (D:3)
  6 ball pythons
  4 bats
  6 endoplasms
  A giant cockroach (D:1)
  7 goblins
  7 hobgoblins
  4 jackals (D:1)
  6 kobolds
  A quokka (D:2)
  5 frilled lizards
  3 rats
61 creatures vanquished.

Notes
Turn   | Place    | Note
-------+----------+-------------------------------------------
     0 | D:1      | Lemonice the Palentonga Fighter began the quest for the
                  | Orb.
     0 | D:1      | Reached XP level 1. HP: 19/19 MP: 1/1
    36 | D:1      | Reached XP level 2. HP: 25/25 MP: 2/2
   316 | D:1      | Found a faded altar of an unknown god.
   590 | D:1      | Reached XP level 3. HP: 30/31 MP: 3/3
  1479 | D:2      | Reached XP level 4. HP: 36/37 MP: 4/4
  1931 | D:3      | Noticed a sky beast
  1941 | D:3      | Killed a sky beast
  1942 | D:3      | Reached XP level 5. HP: 31/44 MP: 5/5
  2149 | D:3      | Noticed Grinder
  2149 | D:3      | Paralysed by Grinder for 4 turns
  2182 | D:3      | Paralysed by Grinder for 3 turns
  2189 | D:3      | Paralysed by Grinder for 7 turns
  2193 | D:3      | Killed from afar by Grinder

Illustrated notes

Levels and vault maps discovered:
D:1:      saegor_arrival_simple_a, layout_basic,
          hellmonk_ecumenical_altar_blasted
D:2:      layout_rooms, kennysheep_path_1, hex_tiny
D:3:      layout_loops_cross, uniq_grinder

Skill      XL: |  1  2  3  4 |
---------------+-------------+-----
Armour         | 3 |  3.4
Long Blades    | 3 |  3.4
Shields        | 3 |  3.2
Fighting       | |  3.8
Dodging        | |  0.3

Action                   |  1- 3 |  4- 6 || total
-------------------------+-------+-------++-------
Melee: Long sword        |   101 |    65 ||   166
       Tailslap          |    10 |     7 ||    17
 Abil: Rolling Charge    |    20 |    12 ||    32
  Use: Potion            |       |     1 ||     1
Armor: Scale mail        |    66 |    36 ||   102
Dodge: Dodged            |    30 |    16 ||    46
Block: Kite shield       |    55 |    30 ||    85
       Rpst.: Long sword |    12 |     3 ||    15

Table legend: (Time is in decaauts)
 A = Elapsed time spent in this place.
 B = Non-inter-level travel time spent in this place.
 C = Inter-level travel time spent in this place.
 D = Time resting spent in this place.
 E = Time spent auto-exploring this place.
 F = Levels seen in this place.
 G = Mean time per level.
                   A        B        C        D        E       F      G
               +--------+--------+--------+--------+--------+-----+--------+
         Total |   2272 |   2164 |    108 |    343 |   1315 |   3 |  757.3 |
       Dungeon |   2272 |   2164 |    108 |    343 |   1315 |   3 |  757.3 |
               +--------+--------+--------+--------+--------+-----+--------+

Top non-repeatable levels by time:
     D:1: 1256 daAuts
     D:2: 720 daAuts
     D:3: 295 daAuts
